 Dungeon Crawl Stone Soup version 0.21-a0-521-g1cd18d1 (webtiles) character file.

20 slep the Chopper (level 2, -3/16 HPs)
             Began as a Vine Stalker Monk on Dec 6, 2017.
             Slain by an ogre
             ... wielding a +0 giant club
              (19 damage)
             ... on level 2 of the Dungeon.
             The game lasted 00:03:08 (716 turns).

slep the Chopper (Vine Stalker Monk)                 Turns: 716, Time: 00:03:09

Health: -3/16      AC:  8    Str: 13    XL:     2   Next: 79%
Magic:  0/3        EV:  9    Int: 10    God:
Gold:   21         SH:  0    Dex: 16    Spells: 1/1 levels left

rFire    . . .     SeeInvis .   a - +0 hand axe
rCold    . . .     Gourm    .   (no shield)
rNeg     . . .     Faith    .   g - +0 scale mail (curse)
rPois    +         Spirit   +   e - +0 helmet
rElec    .         Reflect  .   (no cloak)
rCorr    .         Harm     .   h - +0 pair of gloves
MR       .....                  (no boots)
Stlth    ..........             (no amulet)
HPRegen  0.05/turn              o - ring of poison resistance
MPRegen  0.08/turn              (no ring)

@: heavily drained
A: fangs 2, magic shield, antimagic bite, no potion heal 3, rot immunity
a: no special abilities


You were on level 2 of the Dungeon.
You were not hungry.

You visited 1 branch of the dungeon, and saw 2 of its levels.

You collected 21 gold pieces.

Inventory:

Hand Weapons
 a - a +0 hand axe (weapon)
Armour
 b - a +0 robe
 e - a +0 helmet (worn)
 g - a cursed +0 scale mail (worn)
 h - a +0 pair of gloves (worn)
 m - a cursed +0 leather armour
Jewellery
 f - an uncursed amulet of harm
 o - a ring of poison resistance (left hand)
Scrolls
 d - a scroll of noise {unknown}
 l - a scroll of remove curse {unknown}
 n - a scroll of magic mapping {unknown}
 p - a scroll of identify {unknown}
Potions
 i - a potion of agility {unknown}
 k - a potion of brilliance {unknown}
Comestibles
 c - 3 bread rations
 j - 3 fruits


   Skills:
 + Level 3.0(1.6) Fighting
 + Level 3.0(1.6) Axes
 + Level 2.6(1.2) Dodging
 + Level 2.5(1.2) Stealth


You had one spell level left.
You didn't know any spells.

Dungeon Overview and Level Annotations

Branches:
Dungeon (2/15)

Altars:


Innate Abilities, Weirdness & Mutations

You have extremely sharp teeth.
When hurt, damage is shared between your health and your magic reserves.
Your bite disrupts and absorbs the magic of your enemies.
Potions cannot restore your health.
You are immune to rotting.


Message History

Your scale mail prevents you from hitting the rat.
The rat bites you but does no damage.
You hit the rat but do no damage. You bite the rat. You drain its power.
You kill the rat!
Found 16 stones.
c - 3 bread rations (gained 1)
You see here 16 stones.
Found a stone staircase leading down.
An ogre comes into view. It is wielding a giant club.
The ogre shouts!
Things that are here:
a scale mail; a scroll labeled PEUNYL FEQO You hit the ogre.
You bite the ogre, but do no damage.
The ogre is lightly wounded.
The ogre closely misses you.
You hit the ogre. You bite the ogre, but do no damage.
The ogre is lightly wounded.
The ogre hits you with a giant club!!
Ouch! That really hurt!
You die...

.# ##.# ...> #..# #..#
#..# #..# #[.#######
#..@O....#.#
#.######.#.# #.(.# ...
###.# #.# #.# #.# #.#
#.# #.# #.#########
#.####.######......†.<.
..............##########


You could see an ogre.

Vanquished Creatures
  2 dart slugs (D:1)
  2 bats
  A goblin (D:1)
  3 hobgoblins (D:1)
  4 frilled lizards (D:1)
  3 kobolds (D:1)
  3 rats
18 creatures vanquished.

Notes
Turn   | Place    | Note
-------+----------+-------------------------------------------
     0 | D:1      | slep the Vine Stalker Monk began the quest for the Orb.
     0 | D:1      | Reached XP level 1. HP: 11/11 MP: 2/2
   116 | D:1      | Reached XP level 2. HP: 15/16 MP: 1/3
   711 | D:2      | Noticed an ogre
   716 | D:2      | Slain by an ogre

Vault maps used:
D:1:      lordsloth_arrival_two_stooges, hangedman_decor_points,
          serial_bayou_lagoon_b

Skill      XL: |  1  2 |
---------------+-------+-----
Axes           | 3 |  3.0
Fighting       | 3 |  3.0
Dodging        | |  2.6
Stealth        | |  2.5

Action                   || total
-------------------------++-------
Melee: Hand axe          ||    58
       Bite              ||    10
Armor: Scale mail        ||    24
Dodge: Dodged            ||    34

Table legend:
 A = Spawn XP
 B = Non-spawn XP
 C = Spawn XP percentage of total XP
 D = Spawn monster count
 E = Non-spawn monster count
 F = Spawn count percentage of total count
 G = Total turns spent on level
                    A         B        C        D         E        F      G
               +---------+---------+-------+---------+---------+-------+---------
         Total |       0 |      29 |   0.0 |       0 |      18 |   0.0 |   716
               +---------+---------+-------+---------+---------+-------+---------
           D:1 |       0 |      27 |   0.0 |       0 |      16 |   0.0 |   684
           D:2 |       0 |       2 |   0.0 |       0 |       2 |   0.0 |    32
               +---------+---------+-------+---------+---------+-------+---------
